| TOP OF THE 1ST |
|
Detroit Tigers batting - Pitching for New York Yankees : RHP Steve Shields
|
|
Pitching: RHP Steve Shields
|
|
|
Batting: SHB Lee Mazzilli
|
0-0: Bunt missed! 0-1: Ball 1-1: Ball 2-1: Ball 3-1: Base on Balls
|
|
Batting: SHB Raul Gonzalez
|
0-0: Ball Lee Mazzilli is caught stealing 2nd base 2-6 1-0: Ground out 4-3 (Groundball, 4, EV 89.4 MPH)
|
|
Batting: SHB Tony Phillips
|
0-0: Ball 1-0: Called Strike 1-1: SOLO HOME RUN (Flyball, 89XD, EV 88.1 MPH), Distance : 454 ft
|
|
Batting: LHB Greg Brock
|
0-0: Ball 1-0: Foul Ball, location: 2F 1-1: Ball 2-1: Ball 3-1: Base on Balls
|
|
Batting: RHB Keith Moreland
|
0-0: Called Strike Greg Brock steals 2nd base 0-1: Fly out, F9 (Line Drive, 9, EV 98.1 MPH)
|
| Top of the 1st over - 1 run, 1 hit, 0 errors, 1 left on base; Detroit 1 - New York 0 |
| BOTTOM OF THE 1ST |
|
New York Yankees batting - Pitching for Detroit Tigers : RHP Ricardo Posada
|
|
Pitching: RHP Ricardo Posada
|
|
|
Batting: SHB Tim Raines
|
0-0: Called Strike 0-1: Ball 1-1: Ball 2-1: Called Strike 2-2: SINGLE (Groundball, 13S, EV 70.0 MPH) (infield hit)
|
|
Batting: SHB Willie Wilson
|
0-0: Ball 1-0: Fielders Choice at 2nd, 3-6 (Groundball, 3, EV 84.4 MPH)
|
|
Batting: RHB Rod Allen
|
0-0: Called Strike 0-1: Called Strike 0-2: Ball 1-2: Fly out, F9 (Flyball, 9S, EV 92.5 MPH)
|
|
Batting: RHB David Hall
|
0-0: Ball Willie Wilson steals 2nd base (no throw) 1-0: Called Strike 1-1: Ground out 5-3 (Groundball, 56, EV 84.4 MPH)
|
| Bottom of the 1st over - 0 runs, 1 hit, 0 errors, 1 left on base; Detroit 1 - New York 0 |
| TOP OF THE 2ND |
|
Detroit Tigers batting - Pitching for New York Yankees : RHP Steve Shields
|
|
Batting: LHB Randy S Johnson
|
0-0: Foul Ball, location: 2F 0-1: Foul Ball, location: 2F 0-2: Ball 1-2: Ball 2-2: DOUBLE (Groundball, 5L, EV 93.8 MPH)
|
|
Batting: RHB John Guarino
|
0-0: Ball 1-0: Called Strike 1-1: Called Strike 1-2: Fly out, F9 (Flyball, 89M, EV 90.0 MPH)
|
|
Batting: RHB Larry Parrish
|
0-0: SINGLE (Groundball, 6MD, EV 111.9 MPH) Randy S Johnson to third Runner from 3rd tries for Home, SAFE, throw by CF to home
|
|
Batting: RHB Mike Sproles
|
0-0: Called Strike Larry Parrish steals 2nd base (no throw) 0-1: Called Strike 0-2: Foul Ball, location: 2F 0-2: Strikes out swinging
|
|
Batting: SHB Lee Mazzilli
|
0-0: Ball 1-0: Called Strike 1-1: Swinging Strike 1-2: Strikes out swinging
|
| Top of the 2nd over - 1 run, 2 hits, 0 errors, 1 left on base; Detroit 2 - New York 0 |
| BOTTOM OF THE 2ND |
|
New York Yankees batting - Pitching for Detroit Tigers : RHP Ricardo Posada
|
|
Batting: LHB Ron Hassey
|
0-0: Ground out 1-3 (Groundball, 34S, EV 64.4 MPH)
|
|
Batting: RHB Pedro Guerrero
|
0-0: Called Strike 0-1: Fly out, F8 (Flyball, 8RD, EV 95.6 MPH)
|
|
Batting: SHB Jerry Manuel
|
0-0: Ground out 4-3 (Groundball, 4, EV 86.3 MPH)
|
| Bottom of the 2nd over - 0 runs, 0 hits, 0 errors, 0 left on base; Detroit 2 - New York 0 |
| TOP OF THE 3RD |
|
Detroit Tigers batting - Pitching for New York Yankees : RHP Steve Shields
|
|
Batting: SHB Raul Gonzalez
|
0-0: Foul Ball, location: 2F 0-1: Ground out 5-3 (Groundball, 56, EV 97.5 MPH)
|
|
Batting: SHB Tony Phillips
|
0-0: Ball 1-0: Fly out, F8 (Flyball, 8RXD, EV 106.9 MPH)
|
|
Batting: LHB Greg Brock
|
0-0: Called Strike 0-1: Ball 1-1: Called Strike 1-2: Ball 2-2: Fly out, F8 (Flyball, 8LXD, EV 93.8 MPH)
|
| Top of the 3rd over - 0 runs, 0 hits, 0 errors, 0 left on base; Detroit 2 - New York 0 |
| BOTTOM OF THE 3RD |
|
New York Yankees batting - Pitching for Detroit Tigers : RHP Ricardo Posada
|
|
Batting: LHB Mario Cabrera
|
0-0: Ball 1-0: Ball 2-0: Foul Ball, location: 2F 2-1: Foul Ball, location: 2F 2-2: Ball 3-2: Base on Balls
|
|
Batting: LHB Jessie Reid
|
0-0: Ball 1-0: Ball 2-0: Foul Ball, location: 2F 2-1: Sac Bunt to 13 - play at second, runner OUT! 1-6
|
|
Batting: SHB Tim Raines
|
0-0: Ball 1-0: Ball 2-0: Called Strike 2-1: Fly out, F3 (Popup, 3SF, EV 79.4 MPH)
|
|
Batting: SHB Willie Wilson
|
0-0: Ball Jessie Reid steals 2nd base (no throw) 1-0: Fly out, F4 (Popup, 4, EV 59.4 MPH)
|
| Bottom of the 3rd over - 0 runs, 0 hits, 0 errors, 1 left on base; Detroit 2 - New York 0 |
| TOP OF THE 4TH |
|
Detroit Tigers batting - Pitching for New York Yankees : RHP Steve Shields
|
|
Batting: RHB Keith Moreland
|
0-0: Ball 1-0: Called Strike 1-1: Ball 2-1: Ground out 6-3 (Groundball, 6MD, EV 106.3 MPH)
|
|
Batting: LHB Randy S Johnson
|
0-0: Called Strike 0-1: Ball 1-1: Ground out 4-3 (Groundball, 4, EV 94.4 MPH)
|
|
Batting: RHB John Guarino
|
0-0: SOLO HOME RUN (Flyball, 7D, EV 113.1 MPH), Distance : 398 ft
|
|
Batting: RHB Larry Parrish
|
0-0: Foul Ball, location: 2F 0-1: Ball 1-1: Ball 2-1: Ground out 5-3 (Groundball, 56S, EV 76.9 MPH)
|
| Top of the 4th over - 1 run, 1 hit, 0 errors, 0 left on base; Detroit 3 - New York 0 |
| BOTTOM OF THE 4TH |
|
New York Yankees batting - Pitching for Detroit Tigers : RHP Ricardo Posada
|
|
Batting: RHB Rod Allen
|
0-0: Ball 1-0: Reached on error, E6 (Groundball, 6, EV 90.0 MPH)
|
|
Batting: RHB David Hall
|
0-0: Ball Rod Allen is caught stealing 2nd base 2-4 1-0: SINGLE (Line Drive, 89M, EV 86.3 MPH)
|
|
Batting: LHB Ron Hassey
|
0-0: Ball David Hall is caught stealing 2nd base 2-6 1-0: DOUBLE (Line Drive, 78XD, EV 103.8 MPH)
|
|
Batting: RHB Pedro Guerrero
|
0-0: Fly out, F9 (Flyball, 9LS, EV 72.5 MPH)
|
| Bottom of the 4th over - 0 runs, 2 hits, 1 error, 1 left on base; Detroit 3 - New York 0 |
| TOP OF THE 5TH |
|
Detroit Tigers batting - Pitching for New York Yankees : RHP Steve Shields
|
|
Pitching: RHP Manny Sarmiento
|
|
|
Batting: RHB Mike Sproles
|
0-0: Ball 1-0: Ball 2-0: Ground out 6-3 (Groundball, 6S, EV 73.8 MPH)
|
|
Batting: SHB Lee Mazzilli
|
0-0: Ball 1-0: Called Strike 1-1: Ball 2-1: Ball 3-1: Base on Balls
|
|
Batting: SHB Raul Gonzalez
|
0-0: Ball 1-0: Ball 2-0: Fielders Choice at 2nd, 4-6 (Groundball, 4S, EV 81.3 MPH)
|
|
Batting: SHB Tony Phillips
|
0-0: Ball 1-0: Ball 2-0: Foul Ball, location: 2F 2-1: Foul Ball, location: 2F 2-2: Fielders Choice at 2nd, 6-4 (Groundball, 6, EV 96.9 MPH)
|
| Top of the 5th over - 0 runs, 0 hits, 0 errors, 1 left on base; Detroit 3 - New York 0 |
| BOTTOM OF THE 5TH |
|
New York Yankees batting - Pitching for Detroit Tigers : RHP Ricardo Posada
|
|
Pitching: RHP Dan Quisenberry
|
|
|
Batting: SHB Jerry Manuel
|
0-0: Ball 1-0: Foul Ball, location: 2F 1-1: Foul Ball, location: 2F 1-2: Strikes out looking
|
|
Batting: LHB Mario Cabrera
|
0-0: Foul Ball, location: 2F 0-1: Swinging Strike 0-2: Ball 1-2: Ball 2-2: Fly out, F7 (Flyball, 7LS, EV 78.1 MPH)
|
|
Batting: LHB Jessie Reid
|
0-0: Ball 1-0: Called Strike 1-1: Foul Ball, location: 2F 1-2: Ball 2-2: Ground out 6-3 (Groundball, 6M, EV 101.9 MPH)
|
| Bottom of the 5th over - 0 runs, 0 hits, 0 errors, 0 left on base; Detroit 3 - New York 0 |
| TOP OF THE 6TH |
|
Detroit Tigers batting - Pitching for New York Yankees : RHP Manny Sarmiento
|
|
Batting: LHB Greg Brock
|
0-0: Reached on error, E2 (Groundball, 15S, EV 71.3 MPH)
|
|
Batting: RHB Keith Moreland
|
0-0: Foul Ball, location: 2F 0-1: DOUBLE (Line Drive, 78D, EV 104.4 MPH) Greg Brock scores
|
|
Batting: LHB Randy S Johnson
|
0-0: Called Strike 0-1: Ball 1-1: Ball 2-1: Ball 3-1: Swinging Strike 3-2: Strikes out swinging
|
|
Pitching: RHP Camilo Aprgio
|
|
|
Batting: RHB John Guarino
|
0-0: Ball 1-0: Foul Ball, location: 2F 1-1: Ball 2-1: Called Strike 2-2: Ground out 6-3 (Groundball, 6, EV 101.3 MPH)
|
|
Batting: RHB Larry Parrish
|
0-0: Ground out 4-3 (Groundball, 4, EV 86.9 MPH)
|
| Top of the 6th over - 1 run, 1 hit, 1 error, 1 left on base; Detroit 4 - New York 0 |
| BOTTOM OF THE 6TH |
|
New York Yankees batting - Pitching for Detroit Tigers : RHP Dan Quisenberry
|
|
Batting: SHB Tim Raines
|
0-0: Ball 1-0: Ball 2-0: Foul Ball, location: 2F 2-1: Foul Ball, location: 2F 2-2: Ball 3-2: Strikes out swinging
|
|
Batting: SHB Willie Wilson
|
0-0: Foul Ball, location: 2F 0-1: Ball 1-1: Ball 2-1: Ground out 5-3 (Groundball, 5, EV 81.9 MPH)
|
|
Batting: RHB Rod Allen
|
0-0: Fly out, F4 (Popup, 4, EV 64.4 MPH)
|
| Bottom of the 6th over - 0 runs, 0 hits, 0 errors, 0 left on base; Detroit 4 - New York 0 |
| TOP OF THE 7TH |
|
Detroit Tigers batting - Pitching for New York Yankees : RHP Camilo Aprgio
|
|
Batting: RHB Mike Sproles
|
0-0: Called Strike 0-1: Ball 1-1: Ball 2-1: Ball 3-1: Ground out 6-3 (Groundball, 56, EV 101.3 MPH)
|
|
Pinch Hitting: RHB Rusty Tillman
|
0-0: Fly out, F6 (Popup, 6M, EV 48.8 MPH)
|
|
Pinch Hitting: RHB Rusty Kuntz
|
0-0: Ball 1-0: Ball 2-0: Ball 3-0: Called Strike 3-1: Called Strike 3-2: Reached on error, E3 (Groundball, 34, EV 79.4 MPH)
|
|
Pinch Hitting: RHB Jose Hidalgo
|
0-0: Ball Rusty Kuntz steals 2nd base 1-0: Called Strike 1-1: Called Strike 1-2: Ball 2-2: SINGLE (Groundball, 56D, EV 103.1 MPH) Rusty Kuntz to third Runner from 3rd tries for Home, SAFE, throw by LF to home Jose Hidalgo to second
|
|
Pinch Hitting: RHB Andre Thornton
|
0-0: DOUBLE (Line Drive, 89M, EV 106.9 MPH) Jose Hidalgo scores
|
|
Batting: RHB Keith Moreland
|
0-0: 2-RUN HOME RUN (Flyball, 7D, EV 105.0 MPH), Distance : 393 ft
|
|
Pinch Hitting: RHB Joseph Scherger
|
0-0: Ball 1-0: Ball 2-0: Ball 3-0: Called Strike 3-1: Called Strike 3-2: Strikes out swinging
|
| Top of the 7th over - 4 runs, 3 hits, 1 error, 0 left on base; Detroit 8 - New York 0 |
| BOTTOM OF THE 7TH |
|
New York Yankees batting - Pitching for Detroit Tigers : RHP Dan Quisenberry
|
|
Now at 1B: Andre Thornton
|
|
|
Now at 2B: Jose Hidalgo
|
|
|
Now in LF: Glenn Williams
|
|
|
Now in CF: Rusty Tillman
|
|
|
Now in RF: Rusty Kuntz
|
|
|
Batting: RHB David Hall
|
0-0: Called Strike 0-1: Foul Ball, location: 2F 0-2: Ground out 4-3 (Groundball, 34D, EV 100.0 MPH)
|
|
Batting: LHB Ron Hassey
|
0-0: Called Strike 0-1: SINGLE (Line Drive, 4MD, EV 98.1 MPH)
|
|
Pitching: RHP Preston Hanna
|
|
|
Batting: RHB Pedro Guerrero
|
0-0: Called Strike 0-1: 2-RUN HOME RUN (Flyball, 7D, EV 91.9 MPH), Distance : 386 ft
|
|
Batting: SHB Jerry Manuel
|
0-0: Ball 1-0: Foul Ball, location: 2F 1-1: Foul Ball, location: 2F 1-2: Fly out, F7 (Flyball, 7D, EV 98.8 MPH)
|
|
Batting: LHB Mario Cabrera
|
0-0: Ball 1-0: Called Strike 1-1: Ball 2-1: Foul Ball, location: 2F 2-2: Foul Ball, location: 2F 2-2: Fly out, F7 (Flyball, 7, EV 83.1 MPH)
|
| Bottom of the 7th over - 2 runs, 2 hits, 0 errors, 0 left on base; Detroit 8 - New York 2 |
| TOP OF THE 8TH |
|
Detroit Tigers batting - Pitching for New York Yankees : RHP Camilo Aprgio
|
|
Pitching: RHP Silvio Martinez
|
|
|
Batting: RHB Nick Capra
|
0-0: Swinging Strike 0-1: Fly out, F6 (Popup, 5D, EV 70.0 MPH)
|
|
Pinch Hitting: RHB William Young
|
0-0: SINGLE (Groundball, P, EV 80.0 MPH) (infield hit)
|
|
Pinch Hitting: RHB Tom Lawless
|
0-0: Ball 1-0: Called Strike 1-1: Ball 2-1: Ball 3-1: Swinging Strike 3-2: Base on Balls William Young to second
|
|
Batting: RHB Rusty Tillman
|
0-0: Ball 1-0: Called Strike 1-1: Ball 2-1: Foul Ball, location: 2F 2-2: Ball 3-2: Foul Ball, location: 2F 3-2: Fly out, F4 (Popup, 34, EV 66.3 MPH)
|
|
Batting: RHB Rusty Kuntz
|
0-0: Ball 1-0: Ball 2-0: Ball 3-0: Base on Balls William Young to third Tom Lawless to second
|
|
Batting: RHB Jose Hidalgo
|
0-0: Fly out, F7 (Flyball, 7, EV 81.3 MPH)
|
| Top of the 8th over - 0 runs, 1 hit, 0 errors, 3 left on base; Detroit 8 - New York 2 |
| BOTTOM OF THE 8TH |
|
New York Yankees batting - Pitching for Detroit Tigers : RHP Preston Hanna
|
|
Now at 2B: Tom Lawless
|
|
|
Now at 3B: William Young
|
|
|
Batting: LHB Jessie Reid
|
0-0: Ball 1-0: Swinging Strike 1-1: Foul Ball, location: 2F 1-2: Ball 2-2: Foul Ball, location: 2F 2-2: Foul Ball, location: 2F 2-2: Foul Ball, location: 2F 2-2: Foul Ball, location: 2F 2-2: Fly out, F4 (Flyball, 34D, EV 82.5 MPH)
|
|
Pinch Hitting: RHB Vic Rodriguez
|
0-0: Called Strike 0-1: Ball 1-1: Ball 2-1: Ball 3-1: Fly out, F8 (Flyball, 78D, EV 108.1 MPH)
|
|
Batting: SHB Willie Wilson
|
0-0: Called Strike 0-1: Ball 1-1: Swinging Strike 1-2: Fly out, F9 (Line Drive, 9, EV 92.5 MPH)
|
| Bottom of the 8th over - 0 runs, 0 hits, 0 errors, 0 left on base; Detroit 8 - New York 2 |
| TOP OF THE 9TH |
|
Detroit Tigers batting - Pitching for New York Yankees : RHP Silvio Martinez
|
|
Now at 2B: Vic Rodriguez
|
|
|
Batting: RHB Andre Thornton
|
0-0: Called Strike 0-1: Foul Ball, location: 2F 0-2: Ball 1-2: Strikes out looking
|
|
Pinch Hitting: LHB Dan Graham
|
0-0: Called Strike 0-1: Foul Ball, location: 2F 0-2: Ball 1-2: Ball 2-2: Foul Ball, location: 2F 2-2: SOLO HOME RUN (Flyball, 9LD, EV 95.6 MPH), Distance : 365 ft
|
|
Batting: RHB Glenn Williams
|
0-0: Ball 1-0: Called Strike 1-1: Foul Ball, location: 2F 1-2: Strikes out swinging
|
|
Batting: RHB Nick Capra
|
0-0: Fly out, F8 (Flyball, 8LM, EV 78.1 MPH)
|
| Top of the 9th over - 1 run, 1 hit, 0 errors, 0 left on base; Detroit 9 - New York 2 |
| BOTTOM OF THE 9TH |
|
New York Yankees batting - Pitching for Detroit Tigers : RHP Preston Hanna
|
|
Now at C: Dan Graham
|
|
|
Pinch Hitting: SHB Larry Hyman
|
0-0: Ball 1-0: Swinging Strike 1-1: Ball 2-1: Ball 3-1: Called Strike 3-2: Fly out, F8 (Flyball, 78M, EV 90.6 MPH)
|
|
Pinch Hitting: LHB Elijah Bonaparte
|
0-0: Ball 1-0: Ball 2-0: Called Strike 2-1: Swinging Strike 2-2: Fly out, F7 (Line Drive, 7, EV 99.4 MPH)
|
|
Pinch Hitting: LHB Denny Porter
|
0-0: Ball 1-0: Foul Ball, location: 2F 1-1: Swinging Strike 1-2: Ball 2-2: Strikes out swinging
|
| Bottom of the 9th over - 0 runs, 0 hits, 0 errors, 0 left on base; Detroit 9 - New York 2 |
|